NCAA
SETON HALL PIRATES @ TEXAS TECH RED RAIDERS
04/27/2023
 
TOP OF THE 1ST
Seton Hall Pirates batting - Pitching for Texas Tech Red Raiders : RHP Ray Johnston
Pitching: RHP Ray Johnston
Batting: RHB Michael White 0-0: Called Strike
0-1: Fly out, F7 (Flyball, 7M)
Batting: RHB Herb Newman 0-0: Reached on error, E6 (Groundball, 6M)
Batting: LHB Craig White 0-0: Ball
1-0: Fly out, F3 (Popup, 3SF)
Batting: RHB Carlos Guevara 0-0: Ball
1-0: Ball
2-0: Ball
3-0: Called Strike
3-1: Fly out, F8 (Line Drive, 8RD)
Top of the 1st over - 0 run(s), 0 hit(s), 1 error(s), 1 left on base; Seton Hall 0 - Texas Tech 0
BOTTOM OF THE 1ST
Texas Tech Red Raiders batting - Pitching for Seton Hall Pirates : RHP Brandon Malet
Pitching: RHP Brandon Malet
Batting: LHB Cristóbal Gómez 0-0: Called Strike
0-1: Ball
1-1: Swinging Strike
1-2: Ball
2-2: Foul Ball, location: 2F
2-2: Foul Ball, location: 2F
2-2: Fly out, F7 (Flyball, 78M)
Batting: LHB Micheal Morgan 0-0: Ground out 5-3 (Groundball, 5)
Batting: RHB Luis Martínez 0-0: Ball
1-0: Foul Ball, location: 2F
1-1: Ball
2-1: SINGLE (Flyball, 7LS)
Batting: RHB Walton Smith 0-0: Ball
1-0: Ground out U3 (Groundball, 3S)
Bottom of the 1st over - 0 run(s), 1 hit(s), 0 error(s), 1 left on base; Seton Hall 0 - Texas Tech 0
TOP OF THE 2ND
Seton Hall Pirates batting - Pitching for Texas Tech Red Raiders : RHP Ray Johnston
Batting: LHB Mike Pearson 0-0: Called Strike
0-1: Called Strike
0-2: Ball
1-2: SOLO HOME RUN (Flyball, 9D), Distance : 363 ft
Batting: SHB Bob Jordan 0-0: Called Strike
0-1: Swinging Strike
0-2: Foul Ball, location: 2F
0-2: Ball
1-2: Ball
2-2: Ball
3-2: Strikes out swinging
Batting: RHB Kurt Hart 0-0: Ball
1-0: Swinging Strike
1-1: SINGLE (Flyball, 89S)
Batting: RHB Jerry Ward 0-0: Called Strike
0-1: Swinging Strike
0-2: 2-RUN HOME RUN (Flyball, 7LD), Distance : 336 ft
Batting: RHB Juan Hinojosa 0-0: Called Strike
0-1: Foul Ball, location: 2F
0-2: Ball
1-2: Strikes out swinging
Batting: RHB Michael White 0-0: Foul Ball, location: 2F
0-1: Ball
1-1: Ball
2-1: Foul Ball, location: 2F
2-2: Foul Ball, location: 2F
2-2: Ball
3-2: Strikes out swinging
Top of the 2nd over - 3 run(s), 3 hit(s), 0 error(s), 0 left on base; Seton Hall 3 - Texas Tech 0
BOTTOM OF THE 2ND
Texas Tech Red Raiders batting - Pitching for Seton Hall Pirates : RHP Brandon Malet
Batting: LHB Albert Cardona 0-0: SINGLE (Groundball, 34D)
Batting: RHB Doug Williams 0-0: Ball
Albert Cardona steals 2nd base
1-0: Ball
2-0: Ball
3-0: Base on Balls
Batting: RHB Oliver Todd 0-0: Ball
1-0: Swinging Strike
1-1: Called Strike
1-2: Ball
2-2: Grounds into double play, 6-4-3 (Groundball, 6)
Albert Cardona to third
Batting: RHB Steven Hill 0-0: Ball
Wild Pitch!
Albert Cardona scores
1-0: Ball
2-0: Ball
3-0: Called Strike
3-1: Base on Balls
Batting: RHB Bruce Jones 0-0: Fly out, F7 (Flyball, 7M)
Bottom of the 2nd over - 1 run(s), 1 hit(s), 0 error(s), 1 left on base; Seton Hall 3 - Texas Tech 1
TOP OF THE 3RD
Seton Hall Pirates batting - Pitching for Texas Tech Red Raiders : RHP Ray Johnston
Batting: RHB Herb Newman 0-0: Fly out, F8 (Line Drive, 8RM)
Batting: LHB Craig White 0-0: Called Strike
0-1: Ball
1-1: Ball
2-1: Foul Ball, location: 2F
2-2: Ball
3-2: Strikes out swinging
Batting: RHB Carlos Guevara 0-0: SINGLE (Flyball, 78S)
Batting: LHB Mike Pearson 0-0: Ball
1-0: Ball
Carlos Guevara steals 2nd base
2-0: Called Strike
2-1: Swinging Strike
2-2: Ball
3-2: Base on Balls
Batting: SHB Bob Jordan 0-0: Ball
1-0: Ball
2-0: Foul Ball, location: 2F
2-1: Ball
3-1: Foul Ball, location: 2F
3-2: Strikes out swinging
Top of the 3rd over - 0 run(s), 1 hit(s), 0 error(s), 2 left on base; Seton Hall 3 - Texas Tech 1
BOTTOM OF THE 3RD
Texas Tech Red Raiders batting - Pitching for Seton Hall Pirates : RHP Brandon Malet
Batting: LHB Cristóbal Gómez 0-0: Swinging Strike
0-1: Ball
1-1: Foul Ball, location: 2F
1-2: Foul Ball, location: 2F
1-2: Strikes out swinging
Batting: LHB Micheal Morgan 0-0: Ball
1-0: Ground out 1-3 (Groundball, 13S)
Batting: RHB Luis Martínez 0-0: Foul Ball, location: 2F
0-1: Foul Ball, location: 2F
0-2: Foul Ball, location: 2F
0-2: Strikes out swinging
Bottom of the 3rd over - 0 run(s), 0 hit(s), 0 error(s), 0 left on base; Seton Hall 3 - Texas Tech 1
TOP OF THE 4TH
Seton Hall Pirates batting - Pitching for Texas Tech Red Raiders : RHP Ray Johnston
Batting: RHB Kurt Hart 0-0: Ball
1-0: Ball
2-0: Called Strike
2-1: Called Strike
2-2: Foul Ball, location: 2F
2-2: Fly out, F2 (Popup, 25F)
Batting: RHB Jerry Ward 0-0: Ball
1-0: Ground out 6-3 (Groundball, 6)
Batting: RHB Juan Hinojosa 0-0: Called Strike
0-1: Ground out 5-3 (Groundball, 15S)
Top of the 4th over - 0 run(s), 0 hit(s), 0 error(s), 0 left on base; Seton Hall 3 - Texas Tech 1
BOTTOM OF THE 4TH
Texas Tech Red Raiders batting - Pitching for Seton Hall Pirates : RHP Brandon Malet
Batting: RHB Walton Smith 0-0: Ball
1-0: Called Strike
1-1: Ball
2-1: Swinging Strike
2-2: Ball
3-2: Strikes out looking
Batting: LHB Albert Cardona 0-0: Ball
1-0: Foul Ball, location: 2F
1-1: Ball
2-1: Called Strike
2-2: Reached on error, E4 (Groundball, 4)
Batting: RHB Doug Williams 0-0: Called Strike
0-1: Ball
1-1: Swinging Strike
1-2: DOUBLE (Line Drive, 7LM)
Albert Cardona to third
Runner from 3rd tries for Home, SAFE, throw made at trailing runner, SAFE at third!
Batting: RHB Oliver Todd 0-0: Foul Ball, location: 2F
0-1: Called Strike
0-2: Strikes out swinging
Batting: RHB Steven Hill 0-0: Called Strike
0-1: Foul Ball, location: 2F
0-2: Foul Ball, location: 2F
0-2: Ball
1-2: Fly out, F3 (Popup, 3F)
Bottom of the 4th over - 1 run(s), 1 hit(s), 1 error(s), 1 left on base; Seton Hall 3 - Texas Tech 2
TOP OF THE 5TH
Seton Hall Pirates batting - Pitching for Texas Tech Red Raiders : RHP Ray Johnston
Batting: RHB Michael White 0-0: Ball
1-0: Ball
2-0: Ground out 1-3 (Groundball, 23)
Batting: RHB Herb Newman 0-0: Ball
1-0: Fly out, F9 (Line Drive, 9M)
Batting: LHB Craig White 0-0: Foul Ball, location: 2F
0-1: Swinging Strike
0-2: Ball
1-2: Strikes out looking
Top of the 5th over - 0 run(s), 0 hit(s), 0 error(s), 0 left on base; Seton Hall 3 - Texas Tech 2
BOTTOM OF THE 5TH
Texas Tech Red Raiders batting - Pitching for Seton Hall Pirates : RHP Brandon Malet
Batting: RHB Bruce Jones 0-0: Foul Ball, location: 2F
0-1: Ball
1-1: Ball
2-1: Swinging Strike
2-2: Strikes out swinging
Batting: LHB Cristóbal Gómez 0-0: Swinging Strike
0-1: Ball
1-1: Swinging Strike
1-2: Strikes out swinging
Batting: LHB Micheal Morgan 0-0: Called Strike
0-1: Ball
1-1: Ground out 1-3 (Groundball, 23)
Bottom of the 5th over - 0 run(s), 0 hit(s), 0 error(s), 0 left on base; Seton Hall 3 - Texas Tech 2
TOP OF THE 6TH
Seton Hall Pirates batting - Pitching for Texas Tech Red Raiders : RHP Ray Johnston
Batting: RHB Carlos Guevara 0-0: Called Strike
0-1: Swinging Strike
0-2: Strikes out swinging
Pitching: RHP Paul Fisher
Batting: LHB Mike Pearson 0-0: Called Strike
0-1: SINGLE (Line Drive, 9S)
Batting: SHB Bob Jordan 0-0: Ball
1-0: SINGLE (Line Drive, 6)
Mike Pearson to second
Batting: RHB Kurt Hart 0-0: SINGLE (Line Drive, 7M)
Mike Pearson to third
Bob Jordan to second
Batting: RHB Jerry Ward 0-0: Called Strike
0-1: Foul Ball, location: 2F
0-2: Foul Ball, location: 2F
0-2: Ball
1-2: Strikes out looking
Batting: RHB Juan Hinojosa 0-0: Called Strike
0-1: Ball
1-1: Ball
2-1: Fly out, F9 (Flyball, 9LS)
Top of the 6th over - 0 run(s), 3 hit(s), 0 error(s), 3 left on base; Seton Hall 3 - Texas Tech 2
BOTTOM OF THE 6TH
Texas Tech Red Raiders batting - Pitching for Seton Hall Pirates : RHP Brandon Malet
Batting: RHB Luis Martínez 0-0: Ball
1-0: SINGLE (Flyball, 7S)
Batting: RHB Walton Smith 0-0: Ball
1-0: Ball
2-0: Grounds into double play, 5-4-3 (Groundball, 5)
Batting: LHB Albert Cardona 0-0: Ball
1-0: Called Strike
1-1: Ball
2-1: Foul Ball, location: 2F
2-2: Strikes out swinging
Bottom of the 6th over - 0 run(s), 1 hit(s), 0 error(s), 0 left on base; Seton Hall 3 - Texas Tech 2
TOP OF THE 7TH
Seton Hall Pirates batting - Pitching for Texas Tech Red Raiders : RHP Paul Fisher
Batting: RHB Michael White 0-0: Ball
1-0: Ball
2-0: Foul Ball, location: 2F
2-1: Fly out, F9 (Flyball, 9M)
Batting: RHB Herb Newman 0-0: Ball
1-0: Called Strike
1-1: Ball
2-1: Foul Ball, location: 2F
2-2: Strikes out swinging
Batting: LHB Craig White 0-0: Ball
1-0: Ball
2-0: Foul Ball, location: 2F
2-1: Swinging Strike
2-2: Ball
3-2: Base on Balls
Batting: RHB Carlos Guevara 0-0: Ball
1-0: Ball
2-0: Ball
3-0: Base on Balls
Craig White to second
Batting: LHB Mike Pearson 0-0: Called Strike
0-1: Called Strike
0-2: Foul Ball, location: 2F
0-2: Ball
Wild Pitch!
Craig White to third
Carlos Guevara to second
1-2: Ball
2-2: SINGLE (Line Drive, 8LS)
Craig White scores
Carlos Guevara to third
Runner from 3rd tries for Home, SAFE, no throw or cutoff
Batting: SHB Bob Jordan 0-0: Ball
1-0: Swinging Strike
1-1: Swinging Strike
1-2: Strikes out swinging
Top of the 7th over - 2 run(s), 1 hit(s), 0 error(s), 1 left on base; Seton Hall 5 - Texas Tech 2
BOTTOM OF THE 7TH
Texas Tech Red Raiders batting - Pitching for Seton Hall Pirates : RHP Brandon Malet
Pitching: RHP Britt Hall
Batting: RHB Doug Williams 0-0: Foul Ball, location: 2F
0-1: Foul Ball, location: 2F
0-2: Ball
1-2: Ball
2-2: Strikes out swinging
Batting: RHB Oliver Todd 0-0: Ball
1-0: Ball
2-0: Ball
3-0: Base on Balls
Batting: RHB Steven Hill 0-0: Ball
1-0: Ball
2-0: Swinging Strike
2-1: Ball
3-1: Swinging Strike
3-2: Foul Ball, location: 2F
3-2: Foul Ball, location: 2F
3-2: DOUBLE (Line Drive, 56D)
Oliver Todd to third
Batting: RHB Bruce Jones 0-0: Called Strike
0-1: Foul Ball, location: 2F
0-2: Fly out, F9 (Flyball, 89S)
Batting: LHB Cristóbal Gómez 0-0: Ball
1-0: Foul Ball, location: 2F
1-1: Swinging Strike
1-2: Foul Ball, location: 2F
1-2: SINGLE (Flyball, 78S)
Oliver Todd scores
Steven Hill to third
Batting: LHB Micheal Morgan 0-0: Fly out, F6 (Popup, 56)
Bottom of the 7th over - 1 run(s), 2 hit(s), 0 error(s), 2 left on base; Seton Hall 5 - Texas Tech 3
TOP OF THE 8TH
Seton Hall Pirates batting - Pitching for Texas Tech Red Raiders : RHP Paul Fisher
Batting: RHB Kurt Hart 0-0: Called Strike
0-1: SINGLE (Line Drive, 4D)
Batting: RHB Jerry Ward 0-0: Ball
1-0: Ball
2-0: Bunted foul
2-1: Bunted foul
2-2: Strikes out looking
Kurt Hart steals 2nd base
Batter strikes out.
Pitching: RHP Hugh Polk
Batting: RHB Juan Hinojosa 0-0: Foul Ball, location: 2F
0-1: Ball
1-1: Ball
2-1: Fly out, F9 (Flyball, 9LM)
Batting: RHB Michael White 0-0: Ball
1-0: Ball
2-0: Ball
3-0: Called Strike
3-1: Base on Balls
Batting: RHB Herb Newman 0-0: Fly out, F7 (Flyball, 7M)
Top of the 8th over - 0 run(s), 1 hit(s), 0 error(s), 2 left on base; Seton Hall 5 - Texas Tech 3
BOTTOM OF THE 8TH
Texas Tech Red Raiders batting - Pitching for Seton Hall Pirates : RHP Britt Hall
Now at 3B: Will Catlett
Batting: RHB Luis Martínez 0-0: Swinging Strike
0-1: Ball
1-1: Called Strike
1-2: Strikes out swinging
Batting: RHB Walton Smith 0-0: SINGLE (Groundball, 6MD)
Batting: LHB Albert Cardona 0-0: Ball
1-0: Called Strike
1-1: Ball
2-1: Fly out, F6 (Line Drive, 6)
Batting: RHB Doug Williams 0-0: Called Strike
0-1: Foul Ball, location: 2F
0-2: Ball
1-2: Ball
2-2: SINGLE (Flyball, 7LS)
Walton Smith to second
Pinch Hitting: RHB Manuel Gonzáles 0-0: Ground out 2-3 (Groundball, 23)
Bottom of the 8th over - 0 run(s), 2 hit(s), 0 error(s), 2 left on base; Seton Hall 5 - Texas Tech 3
TOP OF THE 9TH
Seton Hall Pirates batting - Pitching for Texas Tech Red Raiders : RHP Hugh Polk
Now in LF: Terry Whitney
Batting: LHB Craig White 0-0: Called Strike
0-1: Reached on error, E6 (Groundball, 6)
Batting: RHB Carlos Guevara 0-0: Grounds into double play, 4-6-3 (Groundball, 4)
Batting: LHB Mike Pearson 0-0: Ball
1-0: Ball
2-0: Ball
3-0: Called Strike
3-1: Base on Balls
Batting: SHB Bob Jordan 0-0: Ball
Mike Pearson is caught stealing 2nd base
Top of the 9th over - 0 run(s), 0 hit(s), 1 error(s), 0 left on base; Seton Hall 5 - Texas Tech 3
BOTTOM OF THE 9TH
Texas Tech Red Raiders batting - Pitching for Seton Hall Pirates : RHP Britt Hall
Pitching: RHP Ken Burris
Now at C: Dave Barrett
Batting: RHB Steven Hill 0-0: Ball
1-0: Ball
2-0: Foul Ball, location: 2F
2-1: Ground out 5-3 (Groundball, 56)
Batting: RHB Bruce Jones 0-0: Called Strike
0-1: Ball
1-1: Ground out 1-3 (Groundball, 15)
Batting: LHB Cristóbal Gómez 0-0: Foul Ball, location: 2F
0-1: Swinging Strike
0-2: Fly out, F9 (Flyball, 89M)
Bottom of the 9th over - 0 run(s), 0 hit(s), 0 error(s), 0 left on base; Seton Hall 5 - Texas Tech 3
This league is powered by Out of the Park Baseball, the baseball management simulation game for PC, Mac and Linux
Wednesday, December 2nd, 2015 - OOTP Baseball 16.8 Build 38